 Dungeon Crawl Stone Soup version 0.32-a0-42-ga30500b4d3 (webtiles) character file.

Game seed: 11091810028193584455

2980 Newt the Fighter (level 9, -1/60 HPs)
             Began as a Gargoyle Fighter on Jan 30, 2024.
             Was an Initiate of Hepliaklqana.
             Slain by an orc warrior
             ... wielding a +0 glaive
              (14 damage)
             ... in a bailey.
             The game lasted 00:06:17 (5654 turns).

Newt the Fighter (Gargoyle Fighter)                 Turns: 5654, Time: 00:06:17

Health: -1/60      AC: 16    Str: 23    XL:     9   Next: 83%
Magic:  9/9        EV: 11    Int: 10    God:    Hepliaklqana [......]
Gold:   426        SH:  5    Dex:  9    Spells: 8/8 levels left

rFire   + . .        g - +8 lance "Wyrmbane" {slay drac, rPois rF+ rC+ AC+3}
rCold   + + .        c - +0 buckler
rNeg    + . .        D - +0 steam dragon scales
rPois   ∞            e - +0 helmet
rElec   +            (no cloak)
rCorr   .            (no gloves)
SInv    .            (no boots)
Will    .....        j - amulet of the acrobat
Stlth   +            h - ring of protection from cold
HPRegen 0.30/turn    v - ring of flight
MPRegen 0.11/turn

%: acrobat
@: flying
A: sickness immunity, AC +6, negative energy resistance 1, electricity
resistance, torment resistance 1, petrification resistance
a: Renounce Religion


You were in a bailey.
You worshipped Hepliaklqana.
Hepliaklqana was noncommittal.
You visited 2 branches of the dungeon, and saw 8 of its levels.
You also visited: Bailey.

You collected 426 gold pieces.

Inventory:

Hand Weapons
 a - a +0 flail
 g - the +8 lance "Wyrmbane" (weapon) {slay drac, rPois rF+ rC+ AC+3}
   (You acquired it on level 2 of the Dungeon)

   AC+3:      It affects your AC (+3).
   rF+:       It protects you from fire.
   rC+:       It protects you from cold.
   rPois:     It protects you from poison
Missiles
 p - 2 throwing nets (quivered)
Armour
 b - a +0 scale mail
 c - a +0 buckler (worn)
 e - a +0 helmet (worn)
 D - +0 steam dragon scales (worn)
Jewellery
 h - a ring of protection from cold (left hand)
 j - an amulet of the acrobat (around neck)
 q - a ring of magical power
 v - a ring of flight (right hand)
Wands
 s - a wand of flame (12)
 B - a wand of roots (15)
Scrolls
 d - a scroll of fog {unknown}
 f - a scroll of immolation
 i - a scroll of poison
 n - a scroll of summoning
 o - a scroll of enchant weapon {unknown}
 r - a scroll of enchant armour
 u - a scroll of vulnerability {unknown}
 w - a scroll of amnesia
 y - a scroll of teleportation
Potions
 k - a potion of berserk rage
 m - 2 potions of degeneration
 t - a potion of haste
 x - a potion of mutation {unknown}
 z - 3 potions of heal wounds {unknown}
 C - a potion of brilliance {unknown}


   Skills:
 + Level 8.8 Fighting
 - Level 2.7 Maces & Flails
 - Level 8.5 Polearms
 * Level 5.4 Armour
 * Level 5.4 Shields


You had 8 spell levels left.
You didn't know any spells.
Your spell library was empty.

Dungeon Overview and Level Annotations

Branches:
Dungeon (7/15)             Temple (1/1) D:6          Bailey (1/1)

Altars:
Ashenzari
Cheibriados
Dithmenos
Elyvilon
Fedhas
Gozag
Hepliaklqana
Kikubaaqudgha
Makhleb
Nemelex Xobeh
Okawaru
Qazlal
Ru
Sif Muna
Trog
Uskayaw
Vehumet
Wu Jian
Xom
Yredelemnul
Zin
The Shining One


Innate Abilities, Weirdness & Mutations

You are immune to sickness and miasma.
Your stone body is resilient. (AC +6)
You are immune to poison.
You resist negative energy. (rN+)
You are resistant to electric shocks. (rElec)
You are resistant to unholy torment.
You are immune to petrification.


Message History

You kill the centaur!
Unknown command.
You feel better. The orc warrior misses you.
Unknown command.
Reach: g) +8 lance "Wyrmbane" {slay drac, rPois rF+ rC+ AC+3}
Press: ? - help, Dir - move target, f - orc warrior
Aim: an orc warrior, wielding a +0 glaive and wearing a +0 chain mail (moderately wounded, about 30% to evade the +8 lance "Wyrmbane")
You reach to attack!
You closely miss the orc warrior.
The orc warrior is moderately wounded.
The orc warrior hits you from afar with a +0 glaive!
* * * LOW HITPOINT WARNING * * *
Unknown command.
Aiming: Fastroot
Press: ? - help, Shift-Dir - straight line, f/p - orc warrior
Aim: an orc warrior, wielding a +0 glaive and wearing a +0 chain mail (moderately wounded)
The roots erupt in riotous growth!
Roots grab the orc warrior.
The grasping roots constrict the orc warrior.
The orc warrior barely misses you.
The grasping roots constrict the orc warrior.
The roots release their grip on the orc warrior.
Aiming: Fastroot
Press: ? - help, Shift-Dir - straight line, f/p - orc warrior
Aim: an orc warrior, wielding a +0 glaive and wearing a +0 chain mail (severely wounded)
The roots erupt in riotous growth!
Roots grab the orc warrior.
The grasping roots constrict the orc warrior.
You hear a shout!
The orc warrior hits you but does no damage.
Unknown command.
The grasping roots constrict the orc warrior.
The roots release their grip on the orc warrior.
Aiming: Fastroot
Press: ? - help, Shift-Dir - straight line, f/p - orc warrior
Aim: an orc warrior, wielding a +0 glaive and wearing a +0 chain mail (severely wounded)
The roots erupt in riotous growth!
Roots grab the orc warrior.
The grasping roots constrict the orc warrior.
The orc warrior hits you from afar with a +0 glaive!
You die...

############### ##≈≈≈≈≈≈≈≈≈≈≈≈≈≈
##...............
##.......)..))..).
≈≈≈..≈≈≈≈≈≈≈#.......⌠#########
...≈≈≈..≈≈≈≈≈#....#####........
.....≈≈≈.≈≈≈≈#..)##....≈≈≈≈≈≈≈≈
.......≈.≈≈≈≈#...#.⌠.≈≈≈.......
.....⌠.≈≈.≈≈≈#@..#..≈≈..≈≈≈≈≈≈≈
..........≈.≈≈≈#..⌠#)≈≈)≈≈≈.....≈
≈≈≈≈≈≈....≈≈)≈≈#o.##)≈.≈≈..≈≈≈≈≈.
~~~~~≈≈≈)..#####..#.≈≈)≈.≈≈≈...≈≈
≈≈≈≈≈~≈≈≈......)..#.≈.≈≈)≈..⌠.⌠..
≈?))~~≈≈≈.)....'..#.≈..).≈..∩∩∩..
≈≈≈≈≈~≈≈≈.)....'..#.≈.≈≈.≈..⌠.⌠..
~~~))≈≈≈...#####).#.≈≈.≈.≈≈≈...≈≈
≈≈≈≈≈≈...)≈≈.≈≈#).##.≈.≈≈..≈≈≈≈≈.


You could see an orc warrior (rooted).

Vanquished Creatures
  The ghost of promet the Covert, a novice OpBr (D:3)
  Grinder (D:3)
  A steam dragon (D:6)
  A water moccasin (D:5)
  Duvessa (D:6)
  7 orc warriors (Bailey)
  3 ogres
  A black bear (D:6)
  7 centaurs (Bailey)
  A kobold brigand (D:6)
  3 scorpions
  Dowan (D:6)
  2 jellies
  2 hounds
  2 iguanas (D:5)
  6 adders
  4 dart slugs
  29 orcs
  3 ball pythons
  7 endoplasms
  3 giant cockroaches
  12 goblins
  10 hobgoblins
  2 quokkas (D:2)
  4 bats
  A frilled lizard (D:2)
  10 kobolds
  4 rats
129 creatures vanquished.

Notes
Turn   | Place    | Note
-------+----------+-------------------------------------------
     0 | D:1      | Newt the Gargoyle Fighter began the quest for the Orb.
     0 | D:1      | Reached XP level 1. HP: 14/14 MP: 1/1
   277 | D:1      | Reached XP level 2. HP: 13/19 MP: 2/2
   963 | D:2      | Identified a scroll of acquirement
   965 | D:2      | Acquired the +8 lance "Wyrmbane" {slay drac, rPois rF+ rC+
                  | AC+3}
   965 | D:2      | Found the +8 lance "Wyrmbane" {slay drac, rPois rF+ rC+
                  | AC+3}
  1330 | D:2      | Reached XP level 3. HP: 24/24 MP: 3/3
  1444 | D:2      | Reached skill level 1 in Polearms
  1607 | D:3      | Reached XP level 4. HP: 29/29 MP: 4/4
  1683 | D:3      | Noticed Grinder
  1684 | D:3      | Paralysed by Grinder for 3 turns
  1698 | D:3      | Killed Grinder
  1699 | D:3      | Reached skill level 5 in Fighting
  1699 | D:3      | Reached XP level 5. HP: 25/35 MP: 5/5
  1699 | D:3      | Reached XP level 6. HP: 29/40 MP: 6/6
  1907 | D:3      | Found a faded altar of an unknown god.
  2084 | D:3      | Noticed promet's ghost (novice OpBr)
  2087 | D:3      | Found a transporter.
  2095 | D:3      | Found a transporter.
  2626 | D:3      | Found a radiant altar of Vehumet.
  3224 | D:4      | Reached XP level 7. HP: 43/44 MP: 7/7
  3670 | D:3      | Killed promet's ghost
  3671 | D:3      | Reached skill level 5 in Polearms
  3735 | D:5      | Entered Level 5 of the Dungeon
  3867 | D:5      | Reached XP level 8. HP: 39/52 MP: 8/8
  4426 | D:6      | Noticed Duvessa
  4426 | D:6      | Noticed Dowan
  4433 | D:6      | Killed Duvessa
  4439 | D:6      | Killed Dowan
  4591 | D:6      | Identified the +1 dagger "Suxiwy" {spect, Fly rPois MP-9
                  | SInv}
  4726 | D:6      | Found a staircase to the Ecumenical Temple.
  4732 | D:6      | Reached XP level 9. HP: 57/59 MP: 9/9
  4736 | Temple   | Entered the Ecumenical Temple
  4749 | Temple   | Became a worshipper of Hepliaklqana the Forgotten
  5028 | D:7      | Found a flagged portal.
  5036 | Bailey   | Entered a bailey
  5616 | Bailey   | Reached skill level 5 in Shields
  5620 | Bailey   | Reached skill level 5 in Armour
  5654 | Bailey   | Slain by an orc warrior

Illustrated notes

Levels and vault maps discovered:
D:1:      dpeg_arrival_arbitrary_b, layout_loops_corners
D:2:      layout_loops_ring
D:3:      layout_basic, mainiacjoe_overflow_alcove_1, gammafunk_ghost_arena,
          shapermc_ecumenical_altar_ellora, uniq_grinder
D:4:      nicolae_BIG_FREAKIN_CUBE, layout_loops_ring
D:5:      layout_basic, eino_small_chamber_without_monster, minmay_liquid_box,
          minmay_ogre_servants
D:6:      dreamdust_elfheim, layout_basic, temple_green
D:7:      layout_basic, enter_bailey_2
Temple:   compressed_dpeg_triangle_lava_temple
Bailey:   bailey_polearm_flooded_kennysheep, bailey

Skill      XL: |  1  2  3  4  5  6  7  8  9 |
---------------+----------------------------+-----
Polearms       | 1 3 4 6 7 8 |  8.5
Fighting       | 4 5 6 7 8 |  8.8
Armour         | 5 |  5.4
Shields        | 5 |  5.4
Maces & Flails | |  2.7

Action                     |  1- 3 |  4- 6 |  7- 9 || total
---------------------------+-------+-------+-------++-------
  Melee: Flail             |    57 |       |       ||    57
         Lance             |    38 |    87 |   228 ||   353
  Evoke: Wand              |       |       |     5 ||     5
    Use: Scroll            |     4 |     3 |     4 ||    11
         Potion            |       |       |     3 ||     3
   Stab: Distracted        |       |       |     1 ||     1
 Armour: Scale mail        |    60 |    27 |    28 ||   115
         Steam dragon scal |       |       |    67 ||    67
  Dodge: Dodged            |    30 |    25 |   109 ||   164
  Block: Buckler           |     8 |     7 |    19 ||    34

Table legend: (Time is in decaauts)
 A = Elapsed time spent in this place.
 B = Non-inter-level travel time spent in this place.
 C = Inter-level travel time spent in this place.
 D = Time resting spent in this place.
 E = Time spent auto-exploring this place.
 F = Levels seen in this place.
 G = Mean time per level.
                   A        B        C        D        E       F      G
               +--------+--------+--------+--------+--------+-----+--------+
         Total |   5633 |   5295 |    338 |    336 |   4132 |   9 |  625.9 |
       Dungeon |   5026 |   4713 |    313 |    172 |   3902 |   7 |  718.0 |
        Temple |     26 |      1 |     25 |      0 |      0 |   1 |   26.0 |
        Bailey |    580 |    580 |      0 |    164 |    230 |   1 |  580.0 |
               +--------+--------+--------+--------+--------+-----+--------+

Top non-repeatable levels by time:
     D:3: 1286 daAuts
     D:1: 963 daAuts
     D:4: 873 daAuts
     D:2: 648 daAuts
     D:6: 638 daAuts
     D:5: 602 daAuts
  Bailey: 580 daAuts
  Temple: 26 daAuts
     D:7: 14 daAuts
